 Dungeon Crawl Stone Soup version 0.28-b1-25-g9875b3fc8c (webtiles) character file.

Game seed: 1677991855378245909

11 sanka the Magician (level 2, 14/16 HPs)
             Began as a Deep Elf Transmuter on Feb 8, 2022.
             Was an Initiate of Gozag.
             Quit the game on level 1 of the Dungeon.
             The game lasted 00:00:36 (343 turns).

sanka the Magician (Deep Elf Transmuter)             Turns: 343, Time: 00:00:37

Health: 14/16      AC:  2    Str:  7    XL:     2   Next: 17%
Magic:  9/9        EV: 12    Int: 17    God:    Gozag
Gold:   17         SH:  0    Dex: 15    Spells: 8/9 levels left

rFire   . . .      SeeInvis .     - Unarmed
rCold   . . .      Faith    .   (no shield)
rNeg    . . .      Spirit   .   a - +0 robe
rPois   .          Reflect  .   (no helmet)
rElec   .          Harm     .   (no cloak)
rCorr   .          Rampage  .   (no gloves)
Will    .....                   (no boots)
Stlth   +.........              (no amulet)
HPRegen 0.05/turn               (no ring)
MPRegen 0.11/turn               (no ring)

@: no status effects
A: no striking features
a: Renounce Religion, Potion Petition, Call Merchant, Bribe Branch


You were on level 1 of the Dungeon.
You worshipped Gozag.
Gozag was noncommittal.
You visited 1 branch of the dungeon, and saw 1 of its levels.

You collected 17 gold pieces.

Inventory:

Armour
 a - a +0 robe (worn)
Scrolls
 b - a scroll of amnesia {unknown}
 c - a scroll of identify {unknown}
Potions
 d - a potion of flight {unknown}
 e - a potion of curing {unknown}


   Skills:
 - Level 0.7 Fighting
 - Level 2.4 Dodging
 - Level 2.4 Unarmed Combat
 + Level 4.1 Spellcasting
 - Level 2.1 Transmutations


You had 8 spell levels left.
You knew the following spells:

 Your Spells              Type           Power      Damage    Failure   Level
a - Beastly Appendage     Tmut           20%        N/A       6%          1

Your spell library contained the following spells:

 Spells                   Type           Power      Damage    Failure   Level
 Wereblood                Tmut           10%        N/A       10%         2
 Spider Form              Tmut/Pois      7%         N/A       30%         3
 Ice Form                 Ice/Tmut       7%         N/A       69%         4
 Leda's Liquefaction      Hex/Erth       1%         N/A       83%         4
 Lee's Rapid Deconstruct  Erth           1%         3d5*      99%         5
 Statue Form              Tmut/Erth      4%         N/A       100%        6


Dungeon Overview and Level Annotations

Branches:
Dungeon (1/15)

Altars:
Gozag


Message History

You kill the endoplasm!
You start resting.
Magic restored.
Your horns disappear.
Your talons disappear.
You now have 15 gold pieces (gained 9).
Found a stone staircase leading down.
A goblin comes into view. It is wielding a +0 club.
You see here 2 gold pieces.
A goblin is nearby!
You grow a pair of large bovine horns.
Your feet morph into talons.
There is a stone staircase leading down here.
You closely miss the goblin. The goblin hits you but does no damage.
You hit the goblin.
You kill the goblin!
No target in view!
No target in view!
Your transformation is almost over.
There is a stone staircase leading down here.
You now have 17 gold pieces (gained 2).
There is a stone staircase leading down here.
Your horns disappear.
Your talons disappear.
d - a sapphire potion
e - a bubbling yellow potion
Found a faded altar of an unknown god.
A ball python comes into view.
The ball python hisses angrily.
You hit the ball python but do no damage.
The ball python bites you. The ball python grabs you.
The ball python constricts you.
You hit the ball python.
You kill the ball python!
You see here a ball python corpse.
There is a faded altar of an unknown god here.
You cannot tell which god this altar belongs to.
Convert to them anyway?
Gozag accepts your prayer! Gozag welcomes you!
Gozag waives the service fee.
Unknown command.
Press < or > to pray at altars.
Are you sure you want to abandon this character and quit the game? (Confirm with "yes".)

###########
..........#
.....####.############
...#.####......†@....#
##.#.....###########.#
#..............#.###
........>###...#...#
#.#........#.....#.#
#.#..###)..#.#...#.#
...........#.#.....#
.....###..##.#.....#
.....###..##....##.#


There were no monsters in sight!

Vanquished Creatures
  A dart slug (D:1)
  An endoplasm (D:1)
  3 jackals (D:1)
  A ball python (D:1)
  A bat (D:1)
  2 goblins (D:1)
  A rat (D:1)
10 creatures vanquished.

Notes
Turn   | Place    | Note
-------+----------+-------------------------------------------
     0 | D:1      | sanka the Deep Elf Transmuter began the quest for the Orb.
     0 | D:1      | Reached XP level 1. HP: 11/11 MP: 6/6
   265 | D:1      | Reached skill level 4 in Spellcasting
   265 | D:1      | Reached XP level 2. HP: 16/16 MP: 7/9
   329 | D:1      | Found a faded altar of an unknown god.
   342 | D:1      | Prayed at the altar of an unknown god.
   342 | D:1      | Became a worshipper of Gozag Ym Sagoz the Greedy
   343 | D:1      | Quit the game

Illustrated notes

Levels and vault maps discovered:
D:1:      dpeg_arrival_arbitrary_b, layout_basic, basic_ecumenical_altar

Skill      XL: |  1 |
---------------+----+-----
Spellcasting   | 4 |  4.1
Fighting       | |  0.7
Dodging        | |  2.4
Unarmed Combat | |  2.4
Transmutations | |  2.1

Action                   || total
-------------------------++-------
Melee: Unarmed           ||    23
       Kick              ||     3
       Headbutt          ||     3
       Punch             ||     1
 Cast: Beastly Appendage ||     4
 Stab: Sleeping          ||     1
Armor: Robe              ||     9
Dodge: Dodged            ||    11
